 Dungeon Crawl Stone Soup version 0.32-a0-685-g93135e86f0 (webtiles) character file.

Game seed: 12148887862439464713

67 Nietzsche the Poker (level 4, 0/51 HPs)
             Began as a Merfolk Gladiator on Mar 12, 2024.
             Slain by a gnoll
             ... wielding a +0 spear
              (6 damage)
             ... on level 2 of the Dungeon.
             The game lasted 00:02:27 (1552 turns).

Nietzsche the Poker (Merfolk Gladiator)             Turns: 1552, Time: 00:02:28

Health: 0/51       AC: 22    Str: 14    XL:     4   Next: 16%
Magic:  5/5        EV:  2    Int:  9    God:
Gold:   110        SH:  0    Dex: 15    Spells: 5/5 levels left

rFire   . . .        a - +0 trident
rCold   . . .        (no shield)
rNeg    . . .        b - melded +0 leather armour
rPois   +            c - melded +0 helmet
rElec   .            (cloak currently unavailable)
rCorr   .            (gloves currently unavailable)
SInv    .            (boots currently unavailable)
Will    .....        (no amulet)
Stlth   ++           (no ring)
HPRegen 0.28/turn    (no ring)
MPRegen 0.09/turn

%: no passive effects
@: tree-form
A: stationary, stasis, torment immunity, boosted hp, (nimble swimmer 2),
(mertail)
a: no special abilities


You were on level 2 of the Dungeon.
You were a tree.
You visited 1 branch of the dungeon, and saw 2 of its levels.

You collected 110 gold pieces.

Inventory:

Hand Weapons
 a - a +0 trident (weapon)
Missiles
 d - 3 throwing nets (quivered)
 e - a javelin
Armour
 b - a +0 leather armour (melded)
 c - a +0 helmet (melded)
Jewellery
 f - a ring of resist corrosion
Scrolls
 g - 2 scrolls of enchant armour {unknown}
 h - a scroll of identify {unknown}
 j - a scroll of butterflies {unknown}
 m - a scroll of noise {unknown}
Potions
 k - a potion of invisibility {unknown}
 l - a potion of mutation {unknown}


   Skills:
 + Level 2.4 Fighting
 + Level 5.1 Polearms
 + Level 2.0 Throwing
 + Level 4.7 Dodging
 + Level 0.4 Stealth
 * Level 1.2 Spellcasting


You had 5 spell levels left.
You didn't know any spells.
Your spell library contained the following spells:

 Spells                   Type           Power      Damage    Failure   Level
 Volatile Blastmotes      Fire/Tloc      0%         2d10      73%         3
 Fulminant Prism          Conj/Alch      0%         3d5       98%         4
 Iskenderun's Mystic Bla  Conj/Tloc      0%         2d3       98%         4


Dungeon Overview and Level Annotations

Branches:
Dungeon (2/15)

Altars:


Innate Abilities, Weirdness & Mutations

You are a tree.
Your roots penetrate the ground, keeping you stationary.
You cannot be teleported.
You are immune to unholy pain and torment.
Your maximum health is greatly increased.
Your equipment is partially melded.
((You are very nimble when in or above water. (Stealth+, EV+, Speed+++)))
((Your lower body shifts to a powerful aquatic tail in water.))


Message History

The gnoll hits you but does no damage.
You closely miss the gnoll.
The gnoll is moderately wounded.
A ball python comes into view.
The gnoll hits you from afar with a +0 halberd.
The gnoll hits you but does no damage.
You puncture the gnoll!
The gnoll is almost dead.
The gnoll hits you but does no damage. x2; The gnoll barely misses you.
The kobold hits you but does no damage.
You hit the gnoll but do no damage.
The gnoll is almost dead.
The gnoll hits you but does no damage. x2
The kobold hits you but does no damage.
A hobgoblin comes into view.
The gnoll completely misses you.
The hobgoblin shouts!
You hit the gnoll.
You kill the gnoll!
The gnoll hits you from afar with a +0 halberd!
* * * LOW HITPOINT WARNING * * *
The kobold hits you but does no damage. The gnoll completely misses you.
You cannot move.
You cannot move.
You cannot move.
You hit the kobold but do no damage. The gnoll hits you but does no damage.
The kobold hits you with a +0 whip.
* * * LOW HITPOINT WARNING * * *
The gnoll hits you but does no damage.
You hit the hobgoblin.
The hobgoblin is severely wounded.
The gnoll barely misses you. The kobold hits you but does no damage.
The hobgoblin hits you but does no damage.
The gnoll hits you but does no damage.
You hit the hobgoblin.
You kill the hobgoblin!
The gnoll hits you from afar with a +0 halberd.
* * * LOW HITPOINT WARNING * * *
The gnoll hits you from afar with a +0 spear.
You die...

#.# .... ... ..# .... ##.. .###
...###..# # # ...# .......#?#.#
##.## ######.....#[..# #..#
#....#........ ##.###....#..gg)#
# #...#....#...KS# .#
###......##.##♣#####.#
##.....##.......[..#
##.......#.#.#.÷###
#.###.#.#....#.### #.#
#.#...##.#...#
#.###.###.##.#.#.#
#.......#.#....#.#########
#.##.##.#.####.#.........#
#######.##.##.#.#....#..######.#


You could see 2 gnolls, a ball python and a kobold.

Vanquished Creatures
  A gnoll (D:2)
  A dart slug (D:1)
  6 endoplasms
  4 goblins
  8 hobgoblins
  6 jackals (D:1)
  6 quokkas
  7 bats
  2 frilled lizards
  4 kobolds (D:1)
  3 rats
48 creatures vanquished.

Notes
Turn   | Place    | Note
-------+----------+-------------------------------------------
     0 | D:1      | Nietzsche the Merfolk Gladiator began the quest for the
                  | Orb.
     0 | D:1      | Reached XP level 1. HP: 16/16 MP: 1/1
   210 | D:1      | Reached XP level 2. HP: 22/22 MP: 2/2
   515 | D:1      | Reached XP level 3. HP: 25/27 MP: 4/4
   798 | D:1      | Reached skill level 1 in Spellcasting
  1335 | D:2      | Reached skill level 5 in Polearms
  1542 | D:2      | Reached XP level 4. HP: 34/34 MP: 5/5
  1552 | D:2      | Slain by a gnoll

Illustrated notes

Levels and vault maps discovered:
D:1:      saegor_arrival_simple_d, layout_basic
D:2:      layout_basic, minmay_split_cup_large

Skill      XL: |  1  2  3 |
---------------+----------+-----
Spellcasting   | 1 |  1.2
Polearms       | 5 |  5.1
Fighting       | |  2.4
Throwing       | |  2.0
Dodging        | |  4.7
Stealth        | |  0.4

Action                     |  1- 3 |  4- 6 || total
---------------------------+-------+-------++-------
  Melee: Trident           |   160 |     9 ||   169
    Use: Potion            |       |     1 ||     1
   Stab: Sleeping          |     4 |       ||     4
 Armour: Leather armour    |    57 |     2 ||    59
         Skin              |       |    20 ||    20
  Dodge: Dodged            |    97 |     7 ||   104

Table legend: (Time is in decaauts)
 A = Elapsed time spent in this place.
 B = Non-inter-level travel time spent in this place.
 C = Inter-level travel time spent in this place.
 D = Time resting spent in this place.
 E = Time spent auto-exploring this place.
 F = Levels seen in this place.
 G = Mean time per level.
                   A        B        C        D        E       F      G
               +--------+--------+--------+--------+--------+-----+--------+
         Total |   1562 |   1562 |      0 |      0 |   1206 |   2 |  781.0 |
       Dungeon |   1562 |   1562 |      0 |      0 |   1206 |   2 |  781.0 |
               +--------+--------+--------+--------+--------+-----+--------+

Top non-repeatable levels by time:
     D:1: 1241 daAuts
     D:2: 320 daAuts
